 Dungeon Crawl Stone Soup version 0.20-a0-850-ge5a7832 (webtiles) character file.

30294 GreetingsTrabeler the Black Belt (level 13, -1/107 HPs)
             Began as a Human Monk on Mar 6, 2017.
             Was a High Priest of Wu Jian.
             Slain by a manticore (11 damage)
             ... summoned by Kirke
             ... on level 2 of the Lair of Beasts on Mar 10, 2017.
             The game lasted 01:29:42 (29361 turns).

GreetingsTrabeler the Black Belt (Human Monk)      Turns: 29361, Time: 01:29:44

Health: -1/107     AC:  0    Str: 12    XL:     13   Next: 87%
Magic:  0/13       EV: 26    Int: 12    God:    Wu Jian [*****.]
Gold:   753        SH:  0    Dex: 19    Spells: 12/12 levels left

rFire    . . .     SeeInvis .     - Unarmed
rCold    . . .     Gourm    .   (armour currently unavailable)
rNeg     . . .     Faith    .   (shield currently unavailable)
rPois    .         Spirit   +   (helmet currently unavailable)
rElec    .         Reflect  .   (cloak currently unavailable)
rCorr    .         Harm     .   (gloves currently unavailable)
MR       .....                  (boots currently unavailable)
Stlth    ++........             h - amulet of guardian spirit
Regen    0.3/turn               (ring currently unavailable)
MPRegen  0.2/turn               (ring currently unavailable)

@: about to teleport, pig-form, slowed
A: no striking features
a: Serpent's Lash, Heaven On Earth, Renounce Religion


You were on level 2 of the Lair of Beasts.
You worshipped Wu Jian.
Wu Jian was extremely pleased with you.
You were hungry.
You were a filthy swine.
You visited 3 branches of the dungeon, and saw 15 of its levels.
You also visited: Ossuary.

You collected 753 gold pieces.

Inventory:

Armour
 a - the +0 helmet of Impermeability {-Cast Str+5}
   (You acquired it on level 2 of the Lair of Beasts)

   It affects your strength (+5).
   It prevents spellcasting.
 i - a +0 leather armour (melded)
 r - a +2 cloak (melded)
 s - the +2 pair of gloves of the Dungeon (melded) {Int-4 Dex+3}
   (You acquired it on level 2 of the Lair of Beasts)

   It affects your intelligence (-4).
   It affects your dexterity (+3).
 z - a +2 hat (melded)
 E - a +0 pair of gloves
 R - the +3 hat of Pondering {ponderous, MR+ MP+10 Int+5}
   (You took it off Gastronok on level 1 of the Lair of Beasts)

   It affects your intelligence (+5).
   It affects your resistance to hostile enchantments.
   It affects your magic capacity (+10).
Jewellery
 c - an uncursed ring of see invisible {unknown}
 h - an amulet of guardian spirit (around neck)
 l - a ring of poison resistance (melded)
 p - a ring of protection from cold (melded)
 w - a +4 ring of protection
 y - an uncursed ring of protection from magic {unknown}
 A - an uncursed ring of protection from fire
 U - an uncursed ring of magical power
Scrolls
 d - 2 scrolls of recharging
 e - a scroll of enchant weapon
 j - a scroll of vulnerability {unknown}
 n - a scroll of amnesia
 o - 10 scrolls of teleportation
 q - 2 scrolls of magic mapping
 t - 3 scrolls of remove curse
 u - 2 scrolls of fear
 v - a scroll of fog
 I - a scroll of summoning
Potions
 g - a potion of resistance
 m - a potion of lignification
 x - a potion of berserk rage
 B - 2 potions of brilliance
 K - 3 potions of haste
 L - a potion of invisibility
 M - 2 potions of might
 T - a potion of flight
 Y - a potion of ambrosia
Books
 C - a book of Air

   Spells                             Type                      Level
   a - Shock                          Conjuration/Air              1
   b - Swiftness                      Charms/Air                   2
   c - Static Discharge               Conjuration/Air              3
   d - Airstrike                      Air                          4
   e - Lightning Bolt                 Conjuration/Air              5
 V - a book of Geomancy

   Spells                             Type                      Level
   a - Sandblast                      Earth                        1
   b - Passwall                       Transmutation/Earth          2
   c - Stone Arrow                    Conjuration/Earth            3
   d - Petrify                        Transmutation/Earth          4
   e - Lee's Rapid Deconstruction     Earth                        5
Comestibles
 b - 8 bread rations
 f - 14 royal jellies
 k - 7 meat rations
 F - 4 fruits


   Skills:
 + Level 11.9 Fighting
 + Level 12.0 Dodging
 - Level 2.0 Stealth
 * Level 15.1 Unarmed Combat


You had 12 spell levels left.
You didn't know any spells.

Dungeon Overview and Level Annotations

Branches:
Dungeon (10/15)            Temple (1/1) D:4            Lair (4/6) D:9
  Swamp (0/4) Lair:2        Snake (0/4) Lair:2
    Orc: D:9-12

Altars:
Ashenzari
Cheibriados
Dithmenos
Elyvilon
Fedhas
Gozag
Hepliaklqana
Kikubaaqudgha
Makhleb
Nemelex Xobeh
Okawaru
Qazlal
Ru
Sif Muna
Trog
Uskayaw
Vehumet
Wu Jian
Xom
Yredelemnul
Zin
The Shining One

Shops:
D:6 !

Annotations:
Lair:2 Kirke
Lair:3 exclusion: ice statue


Message History

Kirke is severely wounded.
The manticore bites you! The manticore completely misses you.
The manticore misses you. Kirke hits you!!
* * * LOW HITPOINT WARNING * * *
Unknown command.
You barely miss Kirke.
Kirke is severely wounded.
The manticore completely misses you. The manticore closely misses you.
The manticore claws you.
* * * LOW HITPOINT WARNING * * *
Kirke completely misses you.
Unknown command.
Okay, then.
As you read the scroll of teleportation, it crumbles to dust.
You feel strangely unstable. The manticore completely misses you. x2
The manticore misses you. Kirke closely misses you. Kirke hits you!
* * * LOW HITPOINT WARNING * * *
The manticore closely misses you. The manticore misses you.
The manticore claws you!
You die...

##### ##### ### <...#
#####P..## #.####
....###.#.#....## #....#
................## ###
#....#
......###........####.###
#....# .....##
##...[..h.......###..#.#
.....#
##.....@H.............#
.....#
#....>........##..w###
....##
##...........##.#..##
.....#
##........####.#...#
....## ###..#####
#....§§## ...###### ####
#...§§.§# #...##..#
##...§§>§# ......###
#....§§§##


You could see Kirke and a manticore.

Vanquished Creatures
  Gastronok (Lair:1)
  2 hydras (Lair:2)
  A catoblepas (Lair:3)
  2 death yaks
  A two-headed ogre (D:8)
  2 black mambas (Lair:2)
  5 elephants
  A naga mage (Lair:2)
  A torpor snail (Lair:3)
  9 spiny frogs
  3 komodo dragons
  A rime drake (Lair:3)
  A freezing wraith (Lair:3)
  A queen bee (D:8)
  3 polar bears (Lair:3)
  A tyrant leech (Lair:2)
  4 hippogriffs
  6 blink frogs (Lair:4)
  Sigmund (D:5)
  5 hogs
  4 basilisks
  13 yaks
  2 wyverns
  A vampire mosquito (D:8)
  A hungry ghost (D:7)
  A warg (Lair:3)
  A soldier ant (D:8)
  13 water moccasins
  3 orc warriors
  5 porcupines (Lair:2)
  2 phantoms
  A hornet zombie (D:7)
  4 sky beasts
  8 ice beasts
  6 ogres
  21 wolves
  6 centaurs
  10 crocodiles
  12 bullfrogs
  A gnoll sergeant (D:3)
  A wyvern skeleton (D:7)
  4 scorpions
  3 vampire bats (D:4)
  19 killer bees
  3 howler monkeys (D:7)
  2 electric eels (Lair:1)
  3 centaur zombies
  4 crimson imps
  3 orc priests
  2 quasits
  2 gnoll shamans (D:3)
  5 jellies
  12 hounds
  A bullfrog skeleton (D:9)
  5 iguanas
  5 orc wizards
  6 worker ants
  2 hound skeletons
  A hound zombie (D:7)
  3 mummies (D:4)
  39 gnolls
  18 adders
  2 shadow imps (D:6)
  A white imp (Lair:3)
  2 oozes
  3 adder skeletons
  2 worms (D:3)
  A dart slug (D:1)
  7 leopard geckos
  26 orcs
  5 ball pythons
  3 bat skeletons (D:4)
  2 bat zombies (D:4)
  5 giant cockroaches
  5 goblins
  8 hobgoblins
  19 jackals
  5 kobolds
  4 quokkas
  7 bats (D:3)
  9 frilled lizards
  3 gnoll zombies (Ossuary)
  2 hobgoblin zombies (Ossuary)
  An orc zombie (Ossuary)
  2 quokka skeletons
  5 rats
  A butterfly (D:4)
  A plant (D:3)
440 creatures vanquished.

Vanquished Creatures (others)
  A bush (Lair:3)
  9 fungi
  8 plants
18 creatures vanquished.

Grand Total: 458 creatures vanquished

Notes
Turn   | Place    | Note
-------+----------+-------------------------------------------
     0 | D:1      | GreetingsTrabeler the Human Monk began the quest for the Orb.
     0 | D:1      | Reached XP level 1. HP: 18/18 MP: 1/1
   438 | D:1      | Reached XP level 2. HP: 21/24 MP: 2/2
   905 | D:1      | Reached XP level 3. HP: 29/29 MP: 3/3
   982 | D:1      | Upgraded the game from 0.20-a0-830-g2c9a30d to 0.20-a0-839-gdaf5c57
  1259 | D:2      | Reached XP level 4. HP: 35/37 MP: 4/4
  1360 | D:2      | Found a burning altar of Makhleb.
  1687 | D:2      | Found a glowing golden altar of the Shining One.
  2044 | D:3      | Found a faded altar of an unknown god.
  2066 | D:3      | Found an iron altar of Okawaru.
  2164 | D:3      | Reached XP level 5. HP: 19/42 MP: 2/5
  2487 | D:3      | Reached skill level 4 in Unarmed Combat
  2855 | D:3      | Found a shimmering altar of Xom.
  3220 | D:3      | Reached XP level 6. HP: 41/49 MP: 3/6
  3749 | D:3      | Found a sparkling altar of Nemelex Xobeh.
  4919 | D:3      | Reached skill level 5 in Fighting
  5224 | D:3      | Reached skill level 5 in Dodging
  5224 | D:3      | Reached XP level 7. HP: 26/56 MP: 4/7
  6030 | D:3      | Reached skill level 5 in Unarmed Combat
  7332 | D:4      | Reached XP level 8. HP: 62/64 MP: 8/8
  7347 | D:4      | Found a stormy altar of Qazlal.
  7458 | D:4      | Found an ancient bone altar of Kikubaaqudgha.
  7566 | D:4      | Found a sand-covered staircase.
  7574 | Ossuary  | Entered an ossuary
  8086 | D:4      | Found a staircase to the Ecumenical Temple.
  8094 | Temple   | Entered the Ecumenical Temple
  8546 | D:5      | Entered Level 5 of the Dungeon
  8903 | D:5      | Reached skill level 6 in Unarmed Combat
  9335 | D:5      | Noticed Sigmund
 10047 | D:5      | Reached XP level 9. HP: 47/71 MP: 5/9
 10265 | D:5      | Killed Sigmund
 10589 | D:6      | Reached skill level 7 in Unarmed Combat
 10832 | D:6      | Found Anopn's Distillery.
 11084 | D:6      | Found a hide-covered altar of Uskayaw.
 11224 | D:6      | Noticed a hippogriff
 11294 | D:6      | Killed a hippogriff
 12086 | D:7      | Reached skill level 8 in Unarmed Combat
 12718 | D:7      | Reached XP level 10. HP: 71/80 MP: 8/10
 12789 | D:7      | Found a sacrificial altar of Ru.
 12800 | D:7      | Found a white marble altar of Elyvilon.
 13046 | D:7      | Reached skill level 9 in Unarmed Combat
 14069 | D:10     | Entered Level 10 of the Dungeon
 14910 | D:8      | Reached skill level 10 in Unarmed Combat
 16028 | D:8      | Noticed a two-headed ogre
 16036 | D:8      | Killed a two-headed ogre
 16036 | D:8      | Reached XP level 11. HP: 40/89 MP: 4/11
 16698 | D:8      | Reached skill level 11 in Unarmed Combat
 17296 | D:9      | Found a staircase to the Lair.
 17315 | D:9      | Noticed an elephant
 17344 | D:9      | Killed an elephant
 17613 | D:9      | Found an ornate altar of the Wu Jian Council.
 17621 | D:9      | Became a worshipper of the Wu Jian Council
 17621 | D:9      | Reached * piety under Wu Jian
 17621 | D:9      | Reached ** piety under Wu Jian
 17714 | D:9      | Found an opulent altar of Gozag.
 18014 | D:9      | Found a hazy altar of Hepliaklqana.
 18074 | Lair:1   | Entered Level 1 of the Lair of Beasts
 18763 | Lair:1   | Noticed Gastronok
 18830 | Lair:1   | Killed Gastronok
 18830 | Lair:1   | Reached skill level 10 in Fighting
 18830 | Lair:1   | Reached skill level 10 in Dodging
 18830 | Lair:1   | Reached skill level 12 in Unarmed Combat
 19167 | Lair:1   | Reached XP level 12. HP: 15/97 MP: 4/12
 20594 | Lair:2   | Found a staircase to the Swamp.
 21246 | Lair:1   | Reached *** piety under Wu Jian
 21470 | Lair:2   | Reached skill level 13 in Unarmed Combat
 21563 | Lair:2   | Found a staircase to the Snake Pit.
 23518 | Lair:2   | Identified 2 scrolls of acquirement
 23521 | Lair:2   | Got a faintly humming helmet
 23537 | Lair:2   | Identified the +0 helmet of Impermeability {-Cast Str+5} (You acquired it on level 2 of the Lair of Beasts)
 23550 | Lair:2   | Got a pair of dazzling gloves
 23561 | Lair:2   | Identified the +2 pair of gloves of the Dungeon {Int-4 Dex+3} (You acquired it on level 2 of the Lair of Beasts)
 23865 | Lair:3   | Noticed a death yak
 24066 | Lair:2   | Noticed a five-headed hydra
 24080 | Lair:2   | Killed a five-headed hydra
 24080 | Lair:2   | Reached XP level 13. HP: 48/106 MP: 6/13
 24448 | Lair:3   | Found a sparkling altar of Nemelex Xobeh.
 24486 | Lair:3   | Reached skill level 14 in Unarmed Combat
 24495 | Lair:2   | Reached **** piety under Wu Jian
 26324 | Lair:3   | Noticed a catoblepas
 26384 | Lair:3   | Killed a catoblepas
 27261 | Lair:4   | Upgraded the game from 0.20-a0-839-gdaf5c57 to 0.20-a0-850-ge5a7832
 27494 | Lair:4   | Reached ***** piety under Wu Jian
 27527 | Lair:4   | Noticed Kirke
 27651 | Lair:3   | Reached skill level 15 in Unarmed Combat
 27682 | Lair:4   | Noticed a sphinx
 27968 | Lair:2   | Noticed a five-headed hydra
 28305 | Lair:2   | Killed a five-headed hydra
 29361 | Lair:2   | Slain by a manticore

Vault maps used:
D:1:      minmay_arrival_four_loops
D:2:      nicolae_tso_carved_into_rock, marbit_many_paths
D:3:      lemuel_castle_with_subvaults, overflow_temple_1_default,
          nemelex_xobeh_ov_fountains_minmay, xom_teletrap_fun, first_bread,
          chequers_ecumenical_altar_simple_redux, st_stairs_12,
          minmay_checkerbox
D:4:      lemuel_round_altar, kennysheep_vampire_church,
          minmay_temple_entry_butterflies, enter_ossuary_1
D:5:      corexii_shack, hex_tiny, uniq_sigmund
D:6:      serial_shops, nicolae_shop_trees, basic_altar
D:7:      lemuel_crystal_altar, kennysheep_mini
D:8:      david_nohive_1, minmay_small_thing
D:9:      old_standard_altar, grunt_gozag_statues, kennysheep_mini_moat,
          david_lair_generic
Temple:   cyrus_temple_forest
Lair:1:   beast_lair_carwin_large_1, serial_bayou_lake_a, uniq_gastronok
Lair:2:   swamp_mist, minmay_snake_entry_six_corridors, beast_lair_carwin_4
Lair:3:   beast_lair_carwin_large_4, serial_forest,
          infiniplex_forest_clump_tiny, infiniplex_forest_clump_large,
          infiniplex_forest_lined_2, infiniplex_forest_zigzag_1,
          infiniplex_forest_corner_1, infiniplex_forest_straight_1,
          infiniplex_forest_lined_corner, basic_altar,
          small_statue_intersection, ice2_lemuel
Lair:4:   uniq_kirke
Ossuary:  ossuary_tomb_3

Skill      XL: |  1  2  3  4  5  6  7  8  9 10 11 12 13 |
---------------+----------------------------------------+-----
Fighting       | 4 5 6 7 9 10 11 | 11.9
Dodging        | 4 5 6 7 9 10 11 12 | 12.0
Unarmed Combat | 4 5 6 8 10 12 13 15 | 15.1
Stealth        | |  2.0

Action                   |  1- 3 |  4- 6 |  7- 9 | 10-12 | 13-15 || total
-------------------------+-------+-------+-------+-------+-------++-------
Melee: Unarmed           |    94 |   401 |   745 |  1132 |   535 ||  2907
       Punch             |       |    12 |    26 |    60 |    42 ||   140
  Use: Potion            |       |     3 |     1 |     1 |       ||     5
       Scroll            |       |       |       |    26 |     2 ||    28
 Stab: Sleeping          |     4 |     5 |     4 |     5 |     1 ||    19
       Distracted        |       |       |       |     3 |     1 ||     4
  Eat: Chunk             |     1 |    13 |    19 |    37 |    17 ||    87
       Meat ration       |       |       |     1 |       |       ||     1
       Fruit             |       |       |       |     3 |       ||     3
Armor: Robe              |     8 |       |       |       |       ||     8
       Leather armour    |     8 |    62 |    89 |   143 |    54 ||   356
Dodge: Dodged            |    43 |   231 |   406 |   850 |   433 ||  1963
